AoeStats
← TuCAAA :D

Yucatan

510633116Analyzed
3v3 RM · 1d ago on Oct 1, 2026· 56m 8s· 6 players
Game mode
Random Map
Map size
Normal (6 player)
Population
200
Speed
Normal
Resources
Standard
Victory
Conquest
Starting age
Dark Age
Ending age
Imperial Age
RankedLock teamsTeams togetherTeam positionsShared explorationLock speedFull tech treeHidden civsTurbo modeCheats
Victory
Defeat
🇩🇪 Byzantines · Germany
1223
+15
🇩🇪 Khmer · Germany
1196
+16
🇦🇷 Mongols · Argentina
1181
+16
🇦🇷 Maya · Argentina
1461
-26
🇦🇷 Spanish · Argentina
1164
-14
🇦🇷 Aztecs · Argentina
949
-7
TuCAAA :D
0:25 Loom
9:39 Feudal Age
10:22 Double-Bit Axe
17:15 Castle Age
15:24 Horse Collar
16:24 Stone Mining
18:19 Gold Mining
18:45 Bow Saw
19:10 Heavy Plow
24:12 Fletching
26:06 Pikeman
29:07 Bodkin Arrow
31:43 Ballistics
31:43 Scale Mail Armor
32:55 Padded Archer Armor
36:01 Imperial Age
35:04 Wheelbarrow
35:15 Masonry
35:03 Murder Holes
35:26 Leather Archer Armor
37:32 Conscription
37:25 Bracer
38:49 Chemistry
39:10 Hand Cart
42:22 Chain Mail Armor
42:18 Forging
42:41 Ring Archer Armor
42:18 Eagle Warrior
50:27 Halberdier
mariovanper
5:13 Loom
11:53 Feudal Age
16:38 Castle Age
15:00 Double-Bit Axe
16:14 Horse Collar
23:45 Gold Mining
24:50 Bow Saw
24:43 Heavy Plow
26:27 Wheelbarrow
27:01 Bloodlines
27:02 Scale Barding Armor
29:11 Forging
29:05 Husbandry
29:38 Hand Cart
30:13 Chain Barding Armor
34:14 Imperial Age
35:37 Plate Barding Armor
36:17 Chemistry
35:16 Cavalier
37:06 Iron Casting
42:08 Blast Furnace
40:46 Paladin
53:49 Conscription
54:01 Town Watch
maloni12
1:58 Loom
10:55 Feudal Age
12:23 Double-Bit Axe
20:15 Castle Age
18:21 Horse Collar
19:06 Arson
20:30 Gold Mining
21:03 Forging
21:37 Bow Saw
21:46 Heavy Plow
21:40 Gambesons
22:23 Squires
23:03 Eagle Warrior
24:37 Wheelbarrow
24:20 Town Watch
25:51 Hand Cart
25:49 Murder Holes
26:43 Treadmill Crane
26:56 Stone Mining
28:03 Ballistics
29:22 Town Patrol
31:09 Iron Casting
30:34 Scale Mail Armor
31:55 Fervor
32:29 Gold Shaft Mining
33:12 Coinage
36:22 Imperial Age
34:50 Fortified Wall
35:18 Sanctity
35:48 Stone Shaft Mining
35:56 Atlatl
35:21 Elite Skirmisher
37:42 Conscription
39:00 Chemistry
38:40 Crop Rotation
39:23 Illumination
38:24 Elite Eagle Warrior
39:31 Chain Mail Armor
40:34 Garland Wars
41:18 Elite Jaguar Warrior
bubububu34bu
3:29 Loom
11:18 Feudal Age
14:45 Castle Age
21:09 Double-Bit Axe
21:17 Horse Collar
24:44 Town Watch
25:57 Wheelbarrow
25:41 Heavy Plow
31:50 Imperial Age
30:05 Bow Saw
30:52 Hand Cart
30:38 Town Patrol
31:49 Scale Barding Armor
31:55 Forging
32:49 Ballistics
32:39 Siege Engineers
32:32 Murder Holes
32:50 Double Crossbow
33:03 Heavy Scorpion
33:18 Light Cavalry
34:41 Chain Barding Armor
34:14 Fletching
35:38 Iron Casting
35:24 Bloodlines
35:15 Husbandry
36:12 Fortified Wall
37:03 Chemistry
37:08 Capped Ram
39:08 Siege Ram
44:42 Plate Barding Armor
45:15 Blast Furnace
49:40 Coinage
49:11 Caravan
52:51 Banking
Galetheos
8:32 Loom
10:18 Feudal Age
14:14 Double-Bit Axe
16:44 Castle Age
15:31 Gold Mining
15:32 Stone Mining
15:38 Stone Mining
16:51 Fletching
19:43 Bow Saw
21:01 Horse Collar
25:38 Padded Archer Armor
26:53 Bodkin Arrow
28:20 Wheelbarrow
30:24 Gold Shaft Mining
30:21 Husbandry
30:54 Hand Cart
31:48 Leather Archer Armor
32:44 Heavy Plow
35:34 Imperial Age
33:50 Scale Barding Armor
34:07 Ballistics
34:58 Chain Barding Armor
36:32 Stone Shaft Mining
36:12 Forging
36:39 Conscription
35:45 Elite Mangudai
36:46 Sappers
38:23 Hoardings
37:47 Heavy Scorpion
39:42 Chemistry
40:41 Bracer
41:24 Bloodlines
40:37 Elite Steppe Lancer
41:13 Cavalier
56:20 Iron Casting
JoeDreck
10:27 Feudal Age
13:20 Loom
16:01 Castle Age
14:41 Double-Bit Axe
17:02 Wheelbarrow
16:57 Bow Saw
16:59 Horse Collar
17:46 Heavy Plow
22:14 Stone Mining
22:58 Fletching
23:04 Gold Mining
25:40 Hand Cart
26:12 Scale Mail Armor
27:34 Squires
27:20 Arson
27:24 Gambesons
28:33 Chain Mail Armor
28:29 Forging
29:15 Ballistics
28:52 Bodkin Arrow
30:53 Forging
35:04 Imperial Age
33:13 Iron Casting
33:13 Murder Holes
33:20 Padded Archer Armor
32:42 Elite Skirmisher
33:30 Thumb Ring
35:32 Leather Archer Armor
35:45 Bracer
37:34 Ring Archer Armor
37:35 Plate Mail Armor
37:56 Conscription
37:32 Elite Varangian Guard
39:40 Scale Barding Armor
39:38 Husbandry
39:00 Light Cavalry
40:57 Chemistry
41:54 Pikeman
42:11 Crossbowman
43:13 Chain Barding Armor
42:43 Halberdier
44:25 Hussar
47:53 Heavy Camel Rider
49:46 Plate Barding Armor
49:32 Logistica
48:43 Elite Cataphract
Connection lost

Rejoining the realm…

Still unreachable

The connection could not be restored.

Session expired

The server has moved on; the page needs a fresh start.